 Dungeon Crawl Stone Soup version 0.19.0-2-gae57169 (webtiles) character file.

10222 Patchouli the Basher (level 11, -4/68 HPs)
             Began as a Gargoyle Fighter on Nov 4, 2016.
             Was a High Priest of Okawaru.
             Slain by a skeletal warrior
             ... wielding a +0 war axe
             ... led by a skeletal warrior
              (18 damage)
             ... on level 12 of the Dungeon.
             The game lasted 00:29:11 (4791 turns).

Patchouli the Basher (Gargoyle Fighter)             Turns: 4791, Time: 00:29:13

Health: -4/68      AC: 22    Str: 28    XL:     11   Next: 58%
Magic:  11/15      EV:  8    Int:  9    God:    Okawaru [*****.]
Gold:   370        SH: 11    Dex:  9    Spells: 0 memorised, 10 levels left

rFire  . . .     SeeInvis .     a - +1 flail
rCold  + . .     Gourm    .     s - +0 plate armour
rNeg   + . .     Faith    +     c - +0 shield
rPois  ∞         Spirit   .     e - +0 hat of the Great Game {rElec rPois}
rElec  +         Reflect  .     w - +0 cloak
rCorr  .         Harm     .     (no gloves)
MR     .....                    (no boots)
Stlth  ..........               l - amulet of faith
                                r - ring of protection from cold
                                y - +1 ring of evasion

@: mighty
A: negative energy resistance 1, electricity resistance, unbreathing,
petrification resistance, rot immunity, AC +7
a: Heroism, Finesse, Renounce Religion


You were on level 12 of the Dungeon.
You worshipped Okawaru.
Okawaru was extremely pleased with you.
You were hungry.

You visited 3 branches of the dungeon, and saw 16 of its levels.
You also visited: Ossuary.

You collected 370 gold pieces.

Inventory:

Hand Weapons
 a - a +1 flail (weapon)
 z - the +0 mace of Variability {chaos}
   (You found it on level 10 of the Dungeon)

   Each time it hits an enemy it has a different, random effect.
 G - a -1 flail
Missiles
 C - 7 steel tomahawks (quivered)
Armour
 b - a +0 scale mail
 c - a +0 shield (worn)
 e - the +0 hat of the Great Game (worn) {rElec rPois}
   (Okawaru gifted it to you on level 11 of the Dungeon)

   It insulates you from electricity.
   It protects you from poison.
 s - a +0 plate armour (worn)
 w - a +0 cloak (worn)
Jewellery
 l - an amulet of faith (around neck)
 n - an uncursed ring of resist corrosion
 o - an uncursed amulet of regeneration {unknown}
 q - an uncursed ring of fire
 r - a ring of protection from cold (right hand)
 y - a +1 ring of evasion (left hand)
Wands
 h - a wand of polymorph (13/24)
 j - a wand of acid (7/15)
 H - a wand of flame (22/48)
Scrolls
 k - 2 scrolls of magic mapping
 t - 3 scrolls of blinking
 v - 4 scrolls of identify
 B - 2 scrolls of holy word {unknown}
 L - a scroll of fog
Potions
 d - a potion of might
 i - a potion of mutation
 p - a potion of cure mutation
 u - 2 potions of haste
 x - 3 potions of flight
 D - a potion of lignification
 E - 2 potions of ambrosia
 F - a potion of invisibility {unknown}
 J - a potion of resistance
Books
 g - a book of Flames

   Spells                             Type                      Level
   a - Flame Tongue                   Conjuration/Fire             1
   b - Throw Flame                    Conjuration/Fire             2
   c - Conjure Flame                  Conjuration/Fire             3
   d - Inner Flame                    Hexes/Fire                   3
   e - Sticky Flame                   Conjuration/Fire             4
   f - Fireball                       Conjuration/Fire             5
 I - a book of Geomancy

   Spells                             Type                      Level
   a - Sandblast                      Earth                        1
   b - Passwall                       Transmutation/Earth          2
   c - Stone Arrow                    Conjuration/Earth            3
   d - Petrify                        Transmutation/Earth          4
   e - Lee's Rapid Deconstruction     Earth                        5
Comestibles
 f - a bread ration
 m - 4 meat rations
 A - 3 fruits
 K - a slice of pizza


   Skills:
 + Level 8.2 Fighting
 * Level 11.0 Maces & Flails
 - Level 9.0 Armour
 - Level 2.6 Dodging
 - Level 8.1 Shields
 * Level 5.9 Invocations
 + Level 2.9 Evocations


You had 10 spell levels left.
You didn't know any spells.

Dungeon Overview and Level Annotations

Branches:
Dungeon (14/15)            Temple (1/1) D:4             Orc (1/2) D:11
   Lair: D:8-11      Vaults: D:13-14

Altars:
Ashenzari
Cheibriados
Dithmenos
Elyvilon
Fedhas
Gozag
Hepliaklqana
Makhleb
Nemelex Xobeh
Okawaru
Qazlal
Ru
Trog
Xom
Yredelemnul
Zin
The Shining One

Portals:
Trove: D:11 (give +4 ice dragon scales)

Annotations:
D:12 exclusion: obsidian statue


Innate Abilities, Weirdness & Mutations

You are resistant to torment.
Your stone body is resilient. (AC +7)
You are immune to poison.
You resist negative energy. (rN+)
You are resistant to electric shocks. (rElec)
You can survive without breathing.
You are immune to petrification.
You are immune to rotting.


Message History

Unknown command.
Okay, then.
You closely miss the skeletal warrior.
The skeletal warrior is heavily damaged.
You completely miss the skeletal warrior.
The skeletal warrior is heavily damaged.
You hit the skeletal warrior but do no damage.
The skeletal warrior is heavily damaged.
The skeletal warrior hits you but does no damage.
You closely miss the skeletal warrior.
The skeletal warrior is heavily damaged.
You sock the skeletal warrior!
The skeletal warrior is heavily damaged.
Your plate armour prevents you from hitting the skeletal warrior.
The skeletal warrior is heavily damaged.
You feel like a meek peon again.
Your hands slow down.
You barely miss the skeletal warrior.
The skeletal warrior is heavily damaged.
The skeletal warrior hits you with a war axe!!
You die...

#..#######. #..# #.
#..#######. #.(........
##### #.........( ...#
#........... ..#
############ #.# #@#
############ #z#
#...........
..####z#####...........
..z.z..s...............#
.z.....................#
........####...........#
........# #...........#
........# #............
........# #....).......


You could see 2 skeletal warriors and a scorpion.

Vanquished Creatures
  Josephine (D:10)
  The ghost of heintsi the Arsonist, a journeyman GrFE of Vehumet (D:11)
  The ghost of Bekkur the Carver, a journeyman DsFE of Qazlal (D:11)
  2 skeletal warriors (D:12)
  A wizard (D:13)
  A hill giant (D:10)
  A manticore (D:13)
  A redback zombie (D:11)
  6 wraiths (D:10)
  8 yaks
  2 chaos spawn (D:10)
  A hungry ghost (D:11)
  A warg (D:11)
  3 orc warriors
  2 phantoms (D:11)
  A necrophage (D:11)
  A crocodile (D:12)
  A big kobold (D:7)
  3 bullfrogs
  A wyvern skeleton (D:10)
  2 scorpions (D:10)
  A troll zombie (D:11)
  7 wights
  A howler monkey (D:5)
  3 crimson imps
  3 centaur zombies
  3 orc priests (D:11)
  A hound (D:11)
  A centaur skeleton (D:6)
  An iguana (D:5)
  3 worker ants
  3 orc wizards
  5 ogre zombies (D:11)
  A hound zombie (D:11)
  A hound skeleton (D:10)
  16 mummies (Ossuary)
  A worker ant zombie (Ossuary)
  A gnoll (D:1)
  3 adders
  A howler monkey skeleton (D:6)
  2 shadow imps
  An adder skeleton (D:5)
  2 adder zombies (Ossuary)
  A worm (D:2)
  A dart slug (D:2)
  3 leopard geckos
  9 orcs
  A ball python (D:1)
  3 giant cockroaches
  4 goblins
  4 hobgoblins
  3 jackals (D:2)
  A quokka (D:2)
  2 bats
  2 frilled lizards
  3 goblin skeletons (D:11)
  2 goblin zombies (D:11)
  2 hobgoblin zombies (D:11)
  4 kobolds
  A leopard gecko zombie (Ossuary)
  4 orc skeletons (D:11)
  7 orc zombies (D:11)
  A rat (D:1)
160 creatures vanquished.

Vanquished Creatures (others)
  A withered plant (Ossuary)
1 creature vanquished.

Grand Total: 161 creatures vanquished

Notes
Turn   | Place    | Note
-------+----------+-------------------------------------------
     0 | D:1      | Patchouli the Gargoyle Fighter began the quest for the Orb.
     0 | D:1      | Reached XP level 1. HP: 14/14 MP: 1/1
   116 | D:1      | Reached XP level 2. HP: 19/19 MP: 2/2
   191 | D:2      | Reached XP level 3. HP: 23/23 MP: 3/3
   352 | D:2      | Found a white marble altar of Elyvilon.
   352 | D:2      | Found a blossoming altar of Fedhas.
   354 | D:2      | Reached skill level 3 in Maces & Flails
   472 | D:3      | Reached XP level 4. HP: 17/29 MP: 4/4
   683 | D:4      | Found a staircase to the Ecumenical Temple.
   694 | Temple   | Entered the Ecumenical Temple
   722 | Temple   | Became a worshipper of Warmaster Okawaru
   749 | D:4      | Found a sand-covered staircase.
   764 | Ossuary  | Entered an ossuary
   782 | Ossuary  | Reached XP level 5. HP: 29/33 MP: 5/5
   835 | Ossuary  | Reached skill level 4 in Maces & Flails
   840 | Ossuary  | Reached * piety under Okawaru
   853 | Ossuary  | Reached XP level 6. HP: 18/39 MP: 6/6
  1214 | Ossuary  | Reached skill level 5 in Maces & Flails
  1231 | Ossuary  | Reached XP level 7. HP: 26/44 MP: 7/7
  1281 | Ossuary  | Gained mutation: Your spells are a little harder to cast, but a little more powerful. [potion of mutation]
  1281 | Ossuary  | Gained mutation: You are surrounded by a mild repulsion field. (EV +2) [potion of mutation]
  1281 | Ossuary  | Gained mutation: You have a beak for a mouth. [potion of mutation]
  1434 | D:5      | Entered Level 5 of the Dungeon
  1503 | D:5      | Reached skill level 5 in Shields
  1516 | D:5      | Reached ** piety under Okawaru
  1564 | D:6      | Reached skill level 5 in Fighting
  1647 | D:6      | Reached skill level 5 in Armour
  1742 | D:8      | Lost mutation: You are surrounded by a mild repulsion field. (EV +2) [potion of cure mutation]
  1742 | D:8      | Lost mutation: You have a beak for a mouth. [potion of cure mutation]
  1742 | D:8      | Lost mutation: Your spells are a little harder to cast, but a little more powerful. [potion of cure mutation]
  1754 | D:9      | Noticed a slime creature
  1754 | D:9      | Noticed a slime creature
  1754 | D:9      | Noticed a slime creature
  1768 | D:10     | Entered Level 10 of the Dungeon
  2085 | D:10     | Reached skill level 6 in Maces & Flails
  2085 | D:10     | Reached XP level 8. HP: 38/49 MP: 5/8
  2157 | D:10     | Noticed a wraith
  2159 | D:10     | Noticed a wraith
  2163 | D:10     | Killed a wraith
  2176 | D:10     | Killed a wraith
  2176 | D:10     | Reached *** piety under Okawaru
  2177 | D:10     | Noticed Josephine
  2178 | D:10     | Noticed a wraith
  2196 | D:10     | Noticed a wraith
  2197 | D:10     | Noticed a wraith
  2198 | D:10     | Killed Josephine
  2198 | D:10     | Reached **** piety under Okawaru
  2198 | D:10     | Reached skill level 7 in Maces & Flails
  2198 | D:10     | Reached XP level 9. HP: 32/56 MP: 6/9
  2212 | D:10     | Reached skill level 8 in Maces & Flails
  2499 | D:10     | Found a shimmering altar of Xom.
  2526 | D:10     | Reached ***** piety under Okawaru
  2832 | D:10     | Noticed a hill giant
  2844 | D:10     | Killed a hill giant
  2844 | D:10     | Received a gift from Okawaru
  2844 | D:10     | Reached skill level 1 in Dodging
  2844 | D:10     | Reached XP level 10. HP: 63/63 MP: 2/10
  2854 | D:10     | Reached skill level 9 in Maces & Flails
  3075 | D:11     | Noticed Bekkur's ghost (journeyman DsFE)
  3220 | D:11     | Killed Bekkur's ghost
  3497 | D:11     | Found a staircase to the Orcish Mines.
  3558 | Orc:1    | Entered Level 1 of the Orcish Mines
  3560 | Orc:1    | Noticed an orc knight
  3656 | D:11     | Found a portal to a secret trove of treasure.
  3714 | D:11     | Reached skill level 1 in Invocations
  3745 | D:12     | Noticed an orange demon
  3745 | D:12     | Noticed an obsidian statue
  3750 | D:12     | Noticed a rakshasa
  3803 | D:11     | Reached skill level 10 in Maces & Flails
  3829 | D:11     | Noticed heintsi's ghost (journeyman GrFE)
  3877 | D:11     | Killed heintsi's ghost
  3877 | D:11     | Received a gift from Okawaru
  3877 | D:11     | Reached skill level 1 in Evocations
  3877 | D:11     | Reached XP level 11. HP: 23/68 MP: 4/13
  3881 | D:11     | Got a bloodstained hat {god gift}
  3887 | D:11     | Identified the +0 hat of the Great Game {rElec rPois} (Okawaru gifted it to you on level 11 of the Dungeon)
  4281 | D:13     | Noticed a wizard
  4281 | D:13     | Noticed a manticore
  4291 | D:13     | Killed a manticore
  4291 | D:13     | Paralysed by a wizard for 6 turns
  4524 | D:13     | Killed a wizard
  4524 | D:13     | Reached skill level 5 in Invocations
  4736 | D:12     | Noticed a skeletal warrior
  4736 | D:12     | Noticed a skeletal warrior
  4737 | D:12     | Noticed a skeletal warrior
  4738 | D:12     | Noticed a skeletal warrior
  4766 | D:12     | Killed a skeletal warrior
  4774 | D:12     | Killed a skeletal warrior
  4774 | D:12     | Reached skill level 11 in Maces & Flails
  4791 | D:12     | Slain by a skeletal warrior

Skill      XL: |  1  2  3  4  5  6  7  8  9 10 11 |
---------------+----------------------------------+-----
Maces & Flails | 3 4 5 6 7 8 10 11 | 11.0
Fighting       | 4 5 6 7 8 |  8.2
Shields        | 4 5 6 7 8 |  8.1
Armour         | 4 5 6 7 9 |  9.0
Dodging        | 1 2 |  2.6
Invocations    | 3 5 |  5.9
Evocations     | 1 2 |  2.9

Action                   |  1- 3 |  4- 6 |  7- 9 | 10-12 || total
-------------------------+-------+-------+-------+-------++-------
Melee: Flail             |   100 |   143 |   264 |   508 ||  1015
       Peck              |       |       |    21 |       ||    21
       Great mace        |       |       |     8 |       ||     8
Invok: Heroism           |       |       |     8 |    16 ||    24
       Finesse           |       |       |     1 |     3 ||     4
Evoke: Wand              |       |       |     1 |       ||     1
  Use: Scroll            |       |     4 |     3 |     1 ||     8
       Potion            |       |       |    12 |     6 ||    18
  Eat: Fruit             |       |     2 |     1 |     1 ||     4
       Chunk             |       |       |     1 |     6 ||     7
       Bread ration      |       |       |     1 |       ||     1
Armor: Scale mail        |    58 |    34 |    68 |       ||   160
       Skin              |       |       |     2 |       ||     2
       Plate armour      |       |       |    33 |   136 ||   169
Dodge: Dodged            |    29 |    21 |    63 |    78 ||   191
Block: Shield            |    37 |    50 |   108 |   183 ||   378
